 Dungeon Crawl Stone Soup version 0.29.1-12-g30fa7ad0bf (webtiles) character file.

Game seed: 10436329565468057148

109 hawla the Firebug (level 5, 0/39 HPs)
             Began as a Meteoran Fire Elementalist on Jan 13, 2023.
             Slain by an orc
             ... wielding a +0 flail
              (9 damage)
             ... on level 4 of the Dungeon.
             The game lasted 00:04:02 (587 turns).

hawla the Firebug (Meteoran Fire Elementalist)       Turns: 587, Time: 00:04:02

Health: 0/39       AC:  2    Str:  9    XL:     5   Next: 37%
Magic:  1/11       EV: 13    Int: 19    God:
Gold:   40         SH:  0    Dex: 14    Spells: 4/11 levels left

rFire   . . .      SeeInvis .   g - staff of cold
rCold   + . .      Faith    .   (no shield)
rNeg    . . .      Spirit   .   a - +0 robe
rPois   .          Reflect  .   (no helmet)
rElec   .          Harm     .   (no cloak)
rCorr   .          Rampage  .   (no gloves)
Will    +....                   (no boots)
Stlth   +.........              (no amulet)
HPRegen 0.13/turn               c - ring of willpower
MPRegen 0.12/turn               (no ring)

@: very slightly contaminated, hasted, glowing, very quick
A: sense surroundings 1, otherworldly, glowing, explore regen
a: no special abilities


You were on level 4 of the Dungeon.
You visited 1 branch of the dungeon, and saw 4 of its levels.

You collected 40 gold pieces.

Inventory:

Armour
 a - a +0 robe (worn)
Magical Staves
 g - a staff of cold (weapon)
Jewellery
 c - a ring of willpower (left hand)
Scrolls
 b - a scroll of identify


   Skills:
 - Level 0.3 Fighting
 - Level 2.9 Dodging
 - Level 1.4 Stealth
 - Level 3.8 Spellcasting
 + Level 1.8 Conjurations
 - Level 5.4 Fire Magic


You had 4 spell levels left.
You knew the following spells:

 Your Spells              Type           Power      Damage    Failure   Level
a - Foxfire               Conj/Fire      68%        2x1d7     3%          1
b - Scorch                Fire           48%        2d7       2%          2
c - Flame Wave            Conj/Fire      17%        2d7       30%         4

Your spell library contained the following spells:

 Spells                   Type           Power      Damage    Failure   Level
 Conjure Flame            Conj/Fire      17%        6-21      10%         3
 Inner Flame              Hex/Fire       14%        N/A       14%         3
 Anguish                  Hex/Necr       1%         N/A       80%         4
 Enfeeble                 Hex            1%         N/A       100%        7


Dungeon Overview and Level Annotations

Branches:
Dungeon (4/15) Zot: 1814
 Temple: D:4-7

Altars:
Okawaru


Innate Abilities, Weirdness & Mutations

You passively map a small area around you.
You are easily found by Zot.
You glow in the dark.
You regain HP and MP as you explore.


Message History

Casting: Flame Wave (extremely dangerous; 30% risk of failure)
Confirm with . or Enter, or press ? or * to list all spells.
Flames lash the orc.
The orc is lightly wounded.
The orc's fire resistance burns away.
You hear a shout!
The orc completely misses you.
An orc comes into view. It is wielding a +0 hand axe.
The orc hits you with a +0 flail!
The air fills with toxic fumes!
As you read the scroll labelled REODDE ACEME, it crumbles to dust.
It was a scroll of poison.
The orc closely misses you. The orc hits you with a +0 war axe!
* * * LOW HITPOINT WARNING * * *
You feel much better.
The orc is no longer more vulnerable to fire.
The orc barely misses you. The orc closely misses you.
It was a potion of haste.
You feel yourself speed up. The orc misses you. The orc closely misses you.
The orc hits you with a +0 flail. The orc hits you with a +0 war axe.
Casting: Scorch (safe; 2% risk of failure)
Confirm with . or Enter, or press ? or * to list all spells.
You conjure some foxfire!
Casting: Foxfire (safe; 3% risk of failure)
Confirm with . or Enter, or press ? or * to list all spells.
You don't have enough magic to cast this spell.
Unknown command.
You aren't carrying any potions.
You hit the orc but do no damage.
The orc is lightly wounded.
The orc hits you with a +0 flail. The orc barely misses you.
You barely miss the orc.
The orc is lightly wounded.
The orc barely misses you. x2
You hit the orc.
The orc is heavily wounded.
The orc hits you with a +0 war axe!
* * * LOW HITPOINT WARNING * * *
The orc hits you with a +0 flail!
You die...

#.#.##...# *
#.##.#..## * #.###.#)#
#.###.#.#######
#...#.#.......#
###<..#######.########
#..## #....☼§§☼☼.#
#..# #..##v§#.....
#..# **#.##@#.#,,...
#..# ...#oo#.#* . #..#
*..##§§###. . * #..#
#.##o##, #. .# ^ , *
#..# #.#§§ #. .##(
.§§# . #. . #§☼ #. *
o# .. , #§, ,#,#.#
#o#* ,.## #.##.#.o# ,
....


You could see 3 orcs.

Vanquished Creatures
  A bullfrog (D:3)
  Robin (D:2)
  2 adders
  A ball python (D:4)
  4 hobgoblins
  A quokka (D:4)
  A bat (D:1)
  A frilled lizard (D:1)
  10 goblins
  A kobold (D:3)
23 creatures vanquished.

Vanquished Creatures (others)
  45 foxfires
45 creatures vanquished.

Grand Total: 68 creatures vanquished

Notes
Turn   | Place    | Note
-------+----------+-------------------------------------------
     0 | D:1      | hawla the Meteoran Fire Elementalist began the quest for
                  | the Orb.
     0 | D:1      | Reached XP level 1. HP: 14/14 MP: 5/5
    68 | D:2      | Reached XP level 2. HP: 20/20 MP: 1/6
    69 | D:2      | Noticed Robin
    70 | D:2      | Reached skill level 4 in Fire Magic
    83 | D:1      | Learned a level 2 spell: Scorch
   142 | D:2      | Reached XP level 3. HP: 11/26 MP: 4/8
   142 | D:2      | Killed Robin
   187 | D:3      | Noticed a bullfrog
   192 | D:3      | Killed a bullfrog
   193 | D:3      | Reached skill level 5 in Fire Magic
   193 | D:3      | Reached XP level 4. HP: 28/34 MP: 6/10
   193 | D:3      | Reached XP level 5. HP: 33/39 MP: 6/11
   301 | D:4      | Found an iron altar of Okawaru.
   398 | D:4      | Learned a level 4 spell: Flame Wave
   587 | D:4      | Slain by an orc

Illustrated notes

Levels and vault maps discovered:
D:1:      minmay_arrival_semitransparent, layout_loops_corners,
          minmay_hedge_maze
D:2:      layout_basic, hellmonk_ecumenical_altar_blasted, uniq_robin
D:3:      minmay_skewed_foursquare, layout_rooms, hangedman_decor_peaks_small,
          minmay_snake_closets
D:4:      layout_loops_ring, okawaru_trees_2, minmay_pentomino_pile

Skill      XL: |  1  2  3 |
---------------+----------+-----
Spellcasting   | 3 |  3.8
Fire Magic     | 4 5 |  5.4
Fighting       | |  0.3
Dodging        | |  2.9
Stealth        | |  1.4
Conjurations   | |  1.8

Action                   |  1- 3 |  4- 6 || total
-------------------------+-------+-------++-------
Melee: Unarmed           |     7 |       ||     7
       Staff             |       |     3 ||     3
 Cast: Foxfire           |    16 |     9 ||    25
       Scorch            |     4 |     2 ||     6
  Use: Potion            |     1 |     2 ||     3
       Scroll            |     2 |     2 ||     4
Armor: Robe              |     5 |       ||     5
Dodge: Dodged            |    11 |    12 ||    23
